Map: 천상의 쟁탈전

Players

제임스레이더

  • Race: Zerg Zerg

Nova

  • Race: Terran Terran
  • Spawn Location: 6:00

VOD

Have the link to the VOD?

Description

Time

  • Played on: Oct. 1, 2017, 10:43 a.m.
  • Length: 15:16
Show
View Real Time Build Order
Export as new Build Order

제임스레이더 Zerg 

Build Orders:  

Get SALT Encoding   

  18  0:03  Primal Drone  
  18  0:11  Extractor  
  18  0:36  Primal Warden  
  19  0:44  Primal Drone  
  20  0:52  Extractor  
  20  1:02  Primal Drone  
  21  1:38  Glevig's Den  
  20  1:42  Primal Drone  
  21  2:12  Primal Drone x2  
  21  2:13  Primal Drone  
  24  2:39  Primal Drone x3  
  27  3:17  Primal Drone  
  27  3:18  Primal Drone  
  27  3:19  Murvar's Den  
  28  3:55  Primal Drone x3  
  31  4:33  Primal Drone x2  
  33  4:45  Primal Wurm  
  33  4:49  Primal Wurm  
  34  5:40  Dakrun's Den  
  33  6:30  Primal Drone  
  33  6:31  Primal Drone  
  33  6:35  Primal Wurm  
  33  6:37  Primal Drone  
  33  6:38  Primal Wurm  
  38  7:21  Primal Drone  
  38  7:25  Primal Wurm  
  40  8:25  Primal Drone x4  
  44  9:12  Primal Drone x2  
  44  9:18  Primal Wurm  
  44  9:19  Primal Wurm x2  
  50  9:36  Primal Drone  
  52  10:07  Primal Wurm  
  52  10:08  Primal Wurm  
  52  10:23  Primal Drone x2  
  55  10:30  Primal Wurm  
  55  11:02  Primal Drone x2  
  50  12:15  Primal Drone x3  
  53  12:24  Primal Wurm  
  53  12:27  Primal Wurm  
  53  12:28  Primal Wurm  
  50  12:38  Primal Wurm  
Show
View Real Time Build Order
Export as new Build Order

Nova Terran 

Build Orders:  

Get SALT Encoding   

Tags
 
Add a new tag
Caveats
  • Supply blocks, unpowered buildings, or Contaminate may cause inaccurate times.
  • Supply counts are checked every 10 seconds.